 Dungeon Crawl Stone Soup version 0.23.0-33-g5e6c059 (webtiles) character file.

Game seed: 8476005752281743273

104 Fang the Skirmisher (level 4, -4/43 HPs)
             Began as a Gargoyle Berserker on Feb 26, 2019.
             Was a Believer of Trog.
             Slain by an ice beast (7 damage)
             ... on level 3 of the Dungeon.
             The game lasted 00:01:33 (1873 turns).

Fang the Skirmisher (Gargoyle Berserker)            Turns: 1873, Time: 00:01:34

Health: -4/43      AC:  5    Str: 26    XL:     4   Next: 80%
Magic:  4/4        EV: 12    Int:  8    God:    Trog [**....]
Gold:   93         SH:  0    Dex:  9    Spells: 3/3 levels left

rFire    . . .     SeeInvis .   a - +0 hand axe
rCold    . . .     Gourm    .   (no shield)
rNeg     + . .     Faith    .   b - +0 animal skin
rPois    ∞         Spirit   .   (no helmet)
rElec    +         Reflect  .   (no cloak)
rCorr    .         Harm     .   (no gloves)
MR       .....                  (no boots)
Stlth    ..........             (no amulet)
HPRegen  0.14/turn              (no ring)
MPRegen  0.09/turn              (no ring)

@: berserking, very quick
A: negative energy resistance 1, electricity resistance, unbreathing,
petrification resistance, rot immunity, AC +3
a: Berserk, Trog's Hand, Renounce Religion


You were on level 3 of the Dungeon.
You worshipped Trog.
Trog was pleased with you.
You were very hungry.

You visited 1 branch of the dungeon, and saw 3 of its levels.

You collected 93 gold pieces.

Inventory:

Hand Weapons
 a - a +0 hand axe (weapon)
Armour
 b - a +0 animal skin (worn)
Jewellery
 f - an uncursed ring of see invisible {unknown}
Scrolls
 d - a scroll of fog {unknown}
 h - 2 scrolls of immolation {unknown}
 i - 4 scrolls of teleportation {unknown}
 j - 2 scrolls of remove curse {unknown}
 l - 2 scrolls of identify {unknown}
 n - 2 scrolls of blinking {unknown}
Potions
 e - a potion of haste {unknown}
 g - a potion of heal wounds {unknown}
 k - 2 potions of curing {unknown}
Comestibles
 c - 4 rations
 m - a chunk of flesh


   Skills:
 + Level 4.0 Fighting
 + Level 3.3 Axes
 + Level 3.2 Armour
 + Level 2.4 Dodging


You had 3 spell levels left.
You didn't know any spells.
Your spell library was empty.

Dungeon Overview and Level Annotations

Branches:
Dungeon (3/15)

Altars:
Hepliaklqana
Wu Jian


Innate Abilities, Weirdness & Mutations

You are resistant to torment.
Your stone body is resilient. (AC +3)
You are immune to poison.
You resist negative energy. (rN+)
You are resistant to electric shocks. (rElec)
You can survive without breathing.
You are immune to petrification.
You are immune to rotting.


Message History

You are feeling very hungry.
The ice beast closely misses you.
You hit the ice beast.
The ice beast is moderately wounded.
The ice beast barely misses you.
You closely miss the ice beast.
The ice beast is moderately wounded.
You hit the ice beast but do no damage.
The ice beast is moderately wounded.
The ice beast hits you but does no damage.
Some of the chunks of flesh in your inventory have rotted away.
You slash the ice beast!
The ice beast is severely wounded.
The ice beast closely misses you.
You slash the ice beast!
The ice beast is almost dead.
The ice beast hits you.
* * * LOW HITPOINT WARNING * * *
The ice beast freezes you!
You die...

.# .# #.. #. #. .. #
#...# #.#.#.#. .# ###
##.#... #.#.#.#.##
.... ..#..##
#.#.#.#.#.# ...?.
......#.#.#.#.#.#
#.#.###..##.#.#.#.#.#
##........#)#.#.#.#.#
.......%..(#.#.#.#.#
......)@.<..#.#.#.#
###...#Y####.#.#.#
##. #w# #.#.#.#.# #
#.# #####.### ... #.#
... #.######## ...!
#......... .....
####.##### #.#


You could see an ice beast and a worm.

Vanquished Creatures
  2 hound skeletons (D:3)
  2 adders
  A worm (D:2)
  3 leopard geckos
  An orc (D:3)
  8 bats
  4 giant cockroaches
  6 hobgoblins
  7 kobolds
  A quokka (D:2)
  6 frilled lizards
  7 goblins
  4 rats
52 creatures vanquished.

Notes
Turn   | Place    | Note
-------+----------+-------------------------------------------
     0 | D:1      | Fang the Gargoyle Berserker began the quest for the Orb.
     0 | D:1      | Reached XP level 1. HP: 14/14 MP: 1/1
   183 | D:1      | Reached XP level 2. HP: 15/19 MP: 2/2
   901 | D:2      | Reached XP level 3. HP: 23/23 MP: 3/3
   930 | D:2      | Reached ** piety under Trog
  1520 | D:2      | Reached XP level 4. HP: 27/29 MP: 4/4
  1682 | D:3      | Found a hazy altar of Hepliaklqana.
  1710 | D:3      | Found an ornate altar of the Wu Jian Council.
  1796 | D:3      | Reached skill level 4 in Fighting
  1855 | D:3      | Noticed an ice beast
  1873 | D:3      | Slain by an ice beast

Skill      XL: |  1  2  3  4 |
---------------+-------------+-----
Axes           | 3 |  3.3
Dodging        | 2 |  2.4
Armour         | 3 |  3.2
Fighting       | 4 |  4.0

Action                   |  1- 3 |  4- 6 || total
-------------------------+-------+-------++-------
Melee: Hand axe          |   122 |    70 ||   192
Invok: Berserk           |       |     1 ||     1
 Stab: Sleeping          |     1 |       ||     1
  Eat: Chunk             |     2 |     1 ||     3
Armor: Animal skin       |    50 |    25 ||    75
Dodge: Dodged            |    74 |    50 ||   124
